 Dungeon Crawl Stone Soup version 0.31-a0-142-g31f6795574 (webtiles) character file.

Game seed: 15660809043940858127

16 Hajna the Ruffian (level 2, -4/23 HPs)
             Began as a Draconian Transmuter on May 31, 2023.
             Succumbed to a kobold's poison
             ... on level 1 of the Dungeon on June 3, 2023.
             The game lasted 00:07:49 (356 turns).

Hajna the Ruffian (Draconian Transmuter)             Turns: 356, Time: 00:07:50

Health: -4/23      AC:  4    Str: 12    XL:     2   Next: 41%
Magic:  5/5        EV: 12    Int: 19    God:
Gold:   0          SH:  0    Dex: 11    Spells: 2/5 levels left

rFire   . .          .
                       - Unarmed
rCold   . . .        (no shield)
rNeg    . . .        (body armour unavailable)
rPois   .            (helmet currently unavailable)
rElec   .            (no cloak)
rCorr   .            (no gloves)
SInv    .            (boots currently unavailable)
Will    .....        (no amulet)
Stlth   +            g - +6 ring of intelligence
HPRegen 0.23/turn    (no ring)
MPRegen 0.09/turn

%: no passive effects
@: lethally poisoned (-4 -> -34), appendages (expiring), attractive
A: horns 2, talons 2, AC +4, unfitting armour, cold-blooded
a: End Transformation


You were on level 1 of the Dungeon.
You had temporarily grown beastly horns and talons.
You visited 1 branch of the dungeon, and saw 1 of its levels.

Inventory:

Hand Weapons
 b - a +0 short sword
 e - a +0 hand axe
Missiles
 c - 2 stones
Jewellery
 g - a +6 ring of intelligence (left hand)
Scrolls
 d - a scroll of blinking {unknown}
Potions
 a - a potion of lignification


   Skills:
 + Level 1.1 Fighting
 + Level 1.9 Dodging
 + Level 0.1 Stealth
 + Level 3.4 Unarmed Combat
 + Level 2.2 Spellcasting
 + Level 2.2 Transmutations


You had 2 spell levels left.
You knew the following spells:

 Your Spells              Type           Power      Damage    Failure   Level
a - Beastly Appendage     Tmut           20%        N/A       7%          1
b - Wereblood             Tmut           10%        N/A       10%         2

Your spell library contained the following spells:

 Spells                   Type           Power      Damage    Failure   Level
 Spider Form              Tmut/Pois      6%         N/A       30%         3
 Ice Form                 Ice/Tmut       6%         N/A       71%         4


Dungeon Overview and Level Annotations

Branches:
Dungeon (1/15)

Altars:


Innate Abilities, Weirdness & Mutations

You have temporarily grown beastly horns and talons.
Your plain brown scales are hard. (AC +4)
You cannot fit into any form of body armour.
You are cold-blooded and may be slowed by cold attacks.


Message History

You hit the jackal but do no damage.
You tail-slap the jackal, but do no damage.
The jackal is severely wounded.
You feel very sick.
The jackal bites you but does no damage.
The jackal barely misses you. The kobold barely misses you.
The jackal closely misses you.
You hit the jackal.
You kill the jackal!
You feel sick. The jackal bites you.
The kobold hits you with a +1 short sword of venom.
You are lethally poisoned!
The jackal closely misses you.
* * * LOW HITPOINT WARNING * * *
You feel very sick. The jackal misses you.
The kobold hits you with a +1 short sword of venom.
* * * LOW HITPOINT WARNING * * *
You are more poisoned.
It was a potion of heal wounds.
You feel much better.
You feel very sick. The jackal closely misses you.
The kobold hits you but does no damage.
You are more poisoned.
You closely miss the jackal. You claw the jackal.
The jackal is severely wounded.
You feel extremely sick. The jackal closely misses you. The jackal misses you.
The kobold barely misses you.
You hit the jackal but do no damage.
Your tail-slap misses the jackal.
The jackal is severely wounded.
* * * LOW HITPOINT WARNING * * *
You feel very sick. The jackal bites you.
* * * LOW HITPOINT WARNING * * *
The kobold hits you with a +1 short sword of venom.
* * * LOW HITPOINT WARNING * * *
You are more poisoned.
It was a potion of attraction.
You feel attractive to monsters.
You die...

....# ## #....... .####
..... #...... #....##
.# ..... +>.... +.....#
.# .....###.... #......
.# ..........# #......
.#
#........#+#+###......
.#
+.....................
.#
##....hK........#.###..
.#
+.....@.........'......
.#
#...............#.##''#
.#
###########..#....##..#
.# #### ♣♣♣#########..#
.# #⌠⌠# ♣♣♣♣.♣ ♣♣♣♣♣♣
#..# .#
#..#################..#
.#
#.....................#
.#
#.....................#
'####
#..##......##.....##..#


You could see a jackal and a kobold.

Vanquished Creatures
  2 endoplasms (D:1)
  A giant cockroach (D:1)
  A hobgoblin (D:1)
  2 jackals (D:1)
  2 kobolds (D:1)
  2 ball pythons (D:1)
  3 bats (D:1)
  A rat (D:1)
14 creatures vanquished.

Notes
Turn   | Place    | Note
-------+----------+-------------------------------------------
     0 | D:1      | Hajna the Draconian Transmuter began the quest for the Orb.
     0 | D:1      | Reached XP level 1. HP: 16/16 MP: 3/3
    84 | D:1      | Upgraded the game from 0.31-a0-117-g42d8f58691 to
                  | 0.31-a0-142-g31f6795574
   166 | D:1      | Reached XP level 2. HP: 20/23 MP: 3/5
   188 | D:1      | Learned a level 2 spell: Wereblood
   352 | D:1      | HP: 1/23 [kobold/+1 short sword of venom (5)]
   356 | D:1      | Succumbed to a kobold's poison

Illustrated notes

Levels and vault maps discovered:
D:1:      beargit_arrival_diablo_church, layout_basic

Action                     || total
---------------------------++-------
  Melee: Unarmed           ||    55
         Kick              ||     5
         Tailslap          ||     4
   Cast: Beastly Appendage ||     4
    Use: Scroll            ||     1
         Potion            ||     2
   Stab: Sleeping          ||     2
 Armour: Skin              ||    28
  Dodge: Dodged            ||    50

Table legend: (Time is in decaauts)
 A = Elapsed time spent in this place.
 B = Non-inter-level travel time spent in this place.
 C = Inter-level travel time spent in this place.
 D = Time resting spent in this place.
 E = Time spent auto-exploring this place.
 F = Levels seen in this place.
 G = Mean time per level.
                   A        B        C        D        E       F      G
               +--------+--------+--------+--------+--------+-----+--------+
         Total |    355 |    230 |    125 |      0 |      0 |   1 |  355.0 |
       Dungeon |    355 |    230 |    125 |      0 |      0 |   1 |  355.0 |
               +--------+--------+--------+--------+--------+-----+--------+

Top non-repeatable levels by time:
     D:1: 355 daAuts
